 Dungeon Crawl Stone Soup version 0.18-a0-1683-gf9322e6 (webtiles) character file.

5767 Ijustatesigmund the Covert (level 10, -1/68 HPs)
             Began as an Octopode Assassin on Apr 2, 2016.
             Was a Follower of Cheibriados.
             Slain by a troll (2 damage)
             ... on level 10 of the Dungeon on Apr 3, 2016.
             The game lasted 00:46:50 (12646 turns).

Ijustatesigmund the Covert (Octopode Assassin)     Turns: 12646, Time: 00:46:50

Health: -1/68      AC:  5    Str: 19    XL:     10   Next: 78%
Magic:  13/13      EV: 16    Int: 17    God:    Cheibriados [*.....]
Gold:   483        SH:  0    Dex: 20    Spells: 0 memorised, 9 levels left

rFire  . . .     SeeInvis .     i - +2 dagger
rCold  + . .     Gourm    .     (no shield)
rNeg   . . .     Faith    .     (helmet restricted)
rPois  .         Spirit   .     (no amulet)
rElec  .         Dismiss  .     e - +2 ring of dexterity
rCorr  .         Reflect  .     (no ring)
SustAt .         Harm     .     (no ring)
MR     .....     Rnd*Rage +     (no ring)
Stlth  +++++++...               (no ring)
                                (no ring)
                                (no ring)
                                (no ring)

@: mighty, very slow, not resistant to hostile enchantments, extremely stealthy
A: almost no armour, amphibious, 8 rings, constrict 8, rough black scales 1,
camouflage 1, berserk 1, cold resistance 1, gelatinous body 1
a: Bend Time, Renounce Religion


You were on level 10 of the Dungeon.
You worshipped Cheibriados.
Cheibriados was aware of your devotion.
You were not hungry.

You visited 1 branch of the dungeon, and saw 10 of its levels.

You collected 483 gold pieces.

Inventory:

Hand Weapons
 a - a +2 dagger
 b - a +0 blowgun
 i - a +2 dagger (weapon)
Missiles
 c - 36 poisoned needles
Jewellery
 e - a +2 ring of dexterity (left tentacle)
 E - an uncursed ring of fire
Wands
 d - a wand of teleportation (9/9)
 j - a wand of iceblast (8/15)
Scrolls
 g - a scroll of recharging
 r - a scroll of teleportation
 u - 4 scrolls of remove curse
Potions
 h - 3 potions of cure mutation
 k - a potion of flight
 l - 4 potions of resistance
 n - 2 potions of curing
 o - a potion of mutation
 s - 2 potions of brilliance
 v - a potion of ambrosia
 z - a potion of haste {unknown}
 B - a potion of magic {unknown}
 C - 2 potions of lignification {unknown}
Comestibles
 f - 6 bread rations
 m - 6 meat rations
 q - a slice of pizza


   Skills:
 - Level 6.2 Fighting
 - Level 9.0 Short Blades
 - Level 6.0 Throwing
 - Level 5.0 Dodging
 - Level 12.0 Stealth
 + Level 4.8 Invocations


You had 9 spell levels left.
You didn't know any spells.

Dungeon Overview and Level Annotations

Branches:
Dungeon (10/15)            Temple (0/1) D:4
   Lair: D:8-11         Orc: D:9-12

Altars:
Ashenzari
Cheibriados
Fedhas
Gozag
Okawaru
Ru
Trog
Xom
Yredelemnul
The Shining One

Shops:
D:9 !

Annotations:
D:7 Menkaure
D:9 Joseph, Psyche


Innate Abilities, Weirdness & Mutations

You cannot wear most types of armour.
You are amphibious.
You can wear up to eight rings at the same time.
You can use your tentacles to constrict eight enemies at once.
Your skin changes colour to match your surroundings (Stealth).
Your rubbery body absorbs attacks (AC +1).
You are partially covered in rough black scales (AC +4, Dex -1).
You tend to lose your temper in combat.
Your flesh is cold resistant.


Message History

You hit the troll but do no damage. Your squeeze misses the troll.
The troll is moderately wounded.
You barely miss the troll.
The troll is moderately wounded.
The troll bites you! The troll claws you. x2
You hit the troll.
You squeeze the troll, but do no damage.
The troll is moderately wounded.
You closely miss the troll.
The troll is moderately wounded.
The troll completely misses you. The troll claws you!
* * * LOW HITPOINT WARNING * * *
The troll claws you.
* * * LOW HITPOINT WARNING * * *
Drink which item? (? for menu, Esc to quit)
You feel very mighty all of a sudden. The troll bites you!
* * * LOW HITPOINT WARNING * * *
The troll claws you.
You die...

#.....#
#.......
#.....#
+.......
#.....#
#.......
##.####
###+####
#.#### #.)..##
####..# ##.#
######@#####
..yy.
#......T...#
.....
#..........#
.y...
#............#
.....
#..........#.#
..y..
#..........#
.. .....
#..........# .
.....
#..........#
.....
#..........#
.....


You could see a troll.

Vanquished Creatures
  A hill giant (D:10)
  The ghost of asdu the Cleaver, a novice MiBe of Trog (D:5)
  A troll (D:10)
  A two-headed ogre (D:7)
  A flying skull (D:8)
  A shadow (D:8)
  A wyvern (D:8)
  A hungry ghost (D:9)
  A hippogriff (D:7)
  Duvessa (D:6)
  4 orc warriors
  A sky beast (D:6)
  An ice beast (D:5)
  A phantom (D:8)
  An eye of draining (D:9)
  7 ogres
  A centaur (D:10)
  A crocodile (D:8)
  2 gnoll sergeants
  6 giant frogs
  Dowan (D:6)
  3 scorpions
  10 wights
  3 howler monkeys
  2 giant frog zombies
  A centaur skeleton (D:7)
  3 hounds
  3 orc priests
  6 orc wizards
  5 worker ants
  Terence (D:3)
  5 iguanas
  2 hound skeletons
  A hound zombie (D:5)
  13 gnolls
  13 adders
  3 shadow imps
  3 adder skeletons
  4 worms
  A dart slug (D:1)
  6 giant geckos
  19 orcs
  3 giant cockroaches
  A goblin (D:1)
  3 hobgoblins
  6 jackals
  6 kobolds
  2 quokkas
  2 ball pythons
  5 bats
  A giant gecko skeleton (D:6)
  A giant gecko zombie (D:9)
  4 giant newts
  A quokka skeleton (D:8)
  12 rats
  A spectral orc (D:7)
191 creatures vanquished.

Notes
Turn   | Place    | Note
--------------------------------------------------------------
     0 | D:1      | Ijustatesigmund the Octopode Assassin began the quest for the Orb.
     0 | D:1      | Reached XP level 1. HP: 14/14 MP: 1/1
   269 | D:1      | Reached XP level 2. HP: 10/19 MP: 2/2
  1112 | D:2      | Found a blossoming altar of Fedhas.
  1272 | D:2      | Reached XP level 3. HP: 24/24 MP: 3/3
  1290 | D:2      | Reached skill level 6 in Stealth
  1321 | D:2      | You fall through a shaft!
  1609 | D:3      | Reached XP level 4. HP: 21/29 MP: 4/4
  1783 | D:2      | Noticed a moth of wrath
  1786 | D:2      | Found a bloodstained altar of Trog.
  2290 | D:3      | Noticed Terence
  2310 | D:3      | Killed Terence
  2598 | D:3      | Reached skill level 7 in Stealth
  2598 | D:3      | Reached XP level 5. HP: 27/34 MP: 5/5
  2692 | D:3      | Found a shattered altar of Ashenzari.
  2758 | D:3      | Found a glowing golden altar of the Shining One.
  3288 | D:4      | Noticed an ogre
  3299 | D:4      | Killed an ogre
  3299 | D:4      | Reached skill level 8 in Stealth
  3299 | D:4      | Reached XP level 6. HP: 20/39 MP: 6/6
  3490 | D:4      | Found a staircase to the Ecumenical Temple.
  3703 | D:4      | Reached skill level 9 in Stealth
  3932 | D:5      | Entered Level 5 of the Dungeon
  4002 | D:5      | Reached skill level 10 in Stealth
  4002 | D:5      | Reached XP level 7. HP: 45/45 MP: 7/7
  4417 | D:5      | Noticed asdu's ghost (novice MiBe)
  4748 | D:6      | Reached skill level 11 in Stealth
  4891 | D:6      | Upgraded the game from 0.18-a0-1677-g2bdad6c to 0.18-a0-1683-gf9322e6
  4929 | D:6      | Noticed Dowan
  5031 | D:7      | Reached skill level 12 in Stealth
  5105 | D:7      | Found a basalt altar of Yredelemnul.
  5241 | D:6      | Noticed Duvessa
  5258 | D:6      | Reached XP level 8. HP: 42/50 MP: 8/8
  5261 | D:6      | Killed Duvessa
  5371 | D:6      | Killed Dowan
  5755 | D:6      | Found a sacrificial altar of Ru.
  5978 | D:6      | Reached skill level 5 in Short Blades
  6047 | D:6      | Reached skill level 5 in Fighting
  6513 | D:7      | Reached XP level 9. HP: 26/61 MP: 9/9
  6762 | D:7      | Noticed a two-headed ogre
  6796 | D:7      | Killed a two-headed ogre
  7311 | D:7      | Found an opulent altar of Gozag.
  8044 | D:5      | Gained mutation: You are partially covered in rough black scales (AC +4, Dex -1). [potion of mutation]
  8044 | D:5      | Gained mutation: You tend to lose your temper in combat. [potion of mutation]
  8044 | D:5      | Gained mutation: Your flesh is cold resistant. [potion of mutation]
  8308 | D:5      | Killed asdu's ghost
  8998 | D:7      | Noticed Menkaure
  9164 | D:8      | Reached skill level 5 in Dodging
  9167 | D:8      | Found a shimmering altar of Xom.
  9707 | D:8      | Reached skill level 5 in Throwing
  9931 | D:8      | Reached XP level 10. HP: 47/68 MP: 10/10
 10096 | D:8      | Found a snail-covered altar of Cheibriados.
 10106 | D:8      | Became a worshipper of Cheibriados the Contemplative
 10515 | D:8      | Found an iron altar of Okawaru.
 10780 | D:9      | Found Paidwoj's Distillery.
 10789 | D:9      | Found a shimmering altar of Xom.
 10830 | D:9      | Noticed Psyche
 10882 | D:9      | Noticed Joseph
 11850 | D:9      | Reached * piety under Cheibriados
 11852 | D:9      | Noticed a skeletal warrior
 12116 | D:10     | Entered Level 10 of the Dungeon
 12274 | D:10     | Reached skill level 1 in Invocations
 12538 | D:10     | Noticed a hill giant
 12544 | D:10     | Killed a hill giant
 12646 | D:10     | HP: 1/68 [troll (13)]
 12646 | D:10     | Slain by a troll

Vault maps used:
D:1:      saegor_arrival_under_anarchy, minivault_5
D:2:      tgw_trog, fedhas_altar_4, first_bread
D:3:      lemuel_doored_altar, tso_altar, minivault_11, uniq_terence
D:4:      temple_statues
D:5:      serial_bayou_lagoon_b
D:6:      nicolae_ru_the_path_less_chosen, kennysheep_generic_room_13,
          uniq_duvessa
D:7:      yredelemnul_forgotten_temple_becter, old_standard_altar, uniq_menkaure
D:8:      old_standard_altar, kennysheep_little_box, basic_altar
D:9:      hangedman_screamer, lemuel_coloured_pillars_altar, lair_0_dummy,
          basic_altar, serial_shops, shop, uniq_joseph, uniq_psyche
D:10:     grunt_livestock, nrook_uturn

Skill      XL: |  1  2  3  4  5  6  7  8  9 10 |
---------------+-------------------------------+-----
Short Blades   | 3 5 6 9 |  9.0
Stealth        | 6 7 8 10 12 | 12.0
Throwing       | 3 5 6 |  6.0
Fighting       | 5 6 |  6.2
Dodging        | 5 |  5.0
Invocations    | 4 |  4.8

Action                   |  1- 3 |  4- 6 |  7- 9 | 10-12 || total
-------------------------+-------+-------+-------+-------++-------
Melee: Dagger            |    64 |   101 |   352 |   186 ||   703
 Fire: Blowgun           |       |     9 |    31 |    11 ||    51
Throw: Tomahawk          |       |     8 |    42 |     2 ||    52
       Javelin           |       |       |    26 |     8 ||    34
       Throwing net      |       |       |     2 |       ||     2
  Use: Scroll            |     3 |     7 |    10 |     4 ||    24
       Potion            |       |     1 |     6 |     3 ||    10
 Stab: Sleeping          |     6 |     9 |    15 |    15 ||    45
       Distracted        |       |       |     1 |       ||     1
       Invisible         |       |       |       |     2 ||     2
  Eat: Chunk             |     2 |     5 |    10 |     2 ||    19
       Beef jerky        |       |     1 |       |       ||     1
       Fruit             |       |       |    10 |       ||    10
       Pizza             |       |       |     1 |       ||     1
       Bread ration      |       |       |       |     2 ||     2
